 Dungeon Crawl Stone Soup version 0.31.0-32-g396128a36d (webtiles) character file.

Game seed: 1153104195305770481

2971 Konrad the Basher (level 9, -4/82 HPs)
             Began as a Minotaur Fighter on Apr 7, 2024.
             Slain by a fire crab (shapeshifter) (11 damage)
             ... on level 8 of the Dungeon.
             The game lasted 00:17:35 (8468 turns).

Konrad the Basher (Minotaur Fighter)                Turns: 8468, Time: 00:17:35

Health: -4/82      AC: 13    Str: 25    XL:     9   Next: 53%
Magic:  8/8        EV:  7    Int: 11    God:
Gold:   450        SH:  5    Dex: 10    Spells: 8/8 levels left

rFire   . . .        s - +2 trident (venom)
rCold   . . .        c - +0 buckler
rNeg    . . .        n - +0 plate armour
rPois   .            (helmet restricted)
rElec   .            (no cloak)
rCorr   .            (no gloves)
SInv    .            (no boots)
Will    .....        (no amulet) Stlth
                     i - +6 ring of intelligence
HPRegen 0.33/turn    (no ring)
MPRegen 0.11/turn

%: no passive effects
@: slowed, studying Stealth, very slow
A: horns 2, retaliatory headbutt
a: no special abilities


You were on level 8 of the Dungeon.
You visited 2 branches of the dungeon, and saw 10 of its levels.

You collected 472 gold pieces.
You spent 22 gold pieces at shops.

Inventory:

Hand Weapons
 s - a +2 trident of venom (weapon)
 w - a +1 hand axe of electrocution
 x - a +0 demon whip
Missiles
 y - a throwing net (quivered)
Armour
 b - a +0 scale mail
 c - a +0 buckler (worn)
 n - a +0 plate armour (worn)
Jewellery
 i - a +6 ring of intelligence (left hand)
 m - a ring of magical power
 C - a ring of fire
Wands
 a - a wand of polymorph (8)
 q - a wand of flame (1)
 D - a wand of roots (13)
Scrolls
 e - 3 scrolls of poison
 f - a scroll of fear
 g - a scroll of fog
 j - 3 scrolls of brand weapon
 k - 3 scrolls of vulnerability {unknown}
 t - a scroll of revelation {unknown}
 u - 3 scrolls of teleportation
 v - a scroll of noise {unknown}
 z - 2 scrolls of blinking {unknown}
Potions
 d - a potion of might
 h - a potion of berserk rage
 l - a potion of heal wounds {unknown}
 o - 2 potions of haste
 p - 4 potions of ambrosia
 r - 6 potions of curing
 A - a potion of enlightenment {unknown}
 B - a potion of attraction {unknown}
 E - a potion of resistance {unknown}


   Skills:
 * Level 8.6 Fighting
 + Level 5.2(7.8) Axes
 + Level 8.9(9.5) Maces & Flails
 + Level 1.4(3.6) Polearms
 + Level 0.4 Throwing
 + Level 8.2 Armour
 + Level 0.9 Dodging
 + Level 0.1 Stealth
 + Level 6.2 Shields
 + Level 1.2 Evocations


You had 8 spell levels left.
You didn't know any spells.
Your spell library contained the following spells:

 Spells                   Type           Power      Damage    Failure   Level
 Scorch                   Fire           0%         2d5       100%        2
 Volatile Blastmotes      Fire/Tloc      0%         2d10      100%        3
 Animate Dead             Necr           0%         N/A       100%        4
 Flame Wave               Conj/Fire      0%         2d4       100%        4
 Fulminant Prism          Conj/Alch      0%         3d5       100%        4
 Iskenderun's Mystic Bla  Conj/Tloc      0%         2d3       100%        4
 Summon Cactus Giant      Summ           0%         N/A       100%        6
 Haunt                    Necr/Summ      0%         N/A       100%        7
 Infestation              Necr           0%         N/A       100%        8


Dungeon Overview and Level Annotations

Branches:
Dungeon (9/15)             Temple (1/1) D:6
   Lair: D:8-11         Orc: D:9-12

Altars:
Ashenzari
Dithmenos
Elyvilon
Fedhas
Gozag
Kikubaaqudgha
Makhleb
Nemelex Xobeh
Okawaru
Ru
Trog
Uskayaw
Vehumet
Wu Jian
Xom
Yredelemnul
Zin
The Shining One

Shops:
D:1 ?(?=:   D:2 ?

Annotations:
D:3 1 runed translucent door, diceflayer's ghost, amateur DsGl


Innate Abilities, Weirdness & Mutations

You have a pair of horns on your head.
You reflexively headbutt those who attack you in melee.


Message History

The gnoll hits you from afar with a +0 spear.
The orc warrior shouts!
You hit the wraith.
The wraith is heavily damaged.
The wraith hits you but does no damage. You block the gnoll sergeant's attack.
You block the gnoll's attack. The fire crab bites you!
You are engulfed in flames!
The fire crab claws you but does no damage.
You don't know any spells.
You don't know any spells.
The wraith hits you but does no damage. The gnoll sergeant barely misses you.
The gnoll closely misses you. The fire crab bites you!
You are engulfed in flames!
* * * LOW HITPOINT WARNING * * *
The fire crab claws you but does no damage.
You climb upwards.
There is a stone staircase leading down here.
As you read the scroll of fog, it dissolves into smoke.
The wraith barely misses you. You furiously retaliate!
You headbutt the wraith! You block the fire crab's attack.
The fire crab barely misses you.
The fire crab attacks as it pursues you!
The fire crab bites you.
* * * LOW HITPOINT WARNING * * *
You are engulfed in flames!
* * * LOW HITPOINT WARNING * * *
The fire crab barely misses you.
You feel better. The wraith hits you!
* * * LOW HITPOINT WARNING * * *
The wraith drains your vigour!
You feel yourself slow down.
The fire crab bites you but does no damage.
The fire crab barely misses you.
You feel better. The wraith hits you but does no damage.
The fire crab breathes flames at you. The blast of flame engulfs you!
* * * LOW HITPOINT WARNING * * *
The wraith hits you.
* * * LOW HITPOINT WARNING * * *
The fire crab closely misses you. You furiously retaliate!
You headbutt the fire crab. The fire crab claws you!
You die...

#...................
##...........#...##..
#...#.#......#....###
##.####.##.........##
###### ##..##.#........
##....# #......##.......
#.....###...........#...
#.....#§###......####..#
#..>.§#@#........###....
#....§§Wt§.......##.....
##...§§§§#........#.##..
##..§§§#§.[[.....#.##..
#.......[)[.....#.....
##.......[#...........
#.....[)<[#..#.....#.
#..##....######.####.
##.####### ### #..


You could see a fire crab and a wraith.

Vanquished Creatures
  Psyche (D:8)
  A wyvern (D:7)
  A steam dragon (D:8)
  An acid dragon (D:8)
  A water moccasin (D:6)
  2 sky beasts (D:7)
  3 ice beasts
  2 orc warriors (D:8)
  2 black bears (D:5)
  A phantom (D:5)
  A kobold brigand (D:6)
  A bullfrog (D:8)
  A gnoll sergeant (D:8)
  A scorpion (D:4)
  3 killer bees
  A gnoll bouda (D:7)
  2 jellies (D:4)
  3 orc priests
  3 hounds
  A sleepcap (D:7)
  Ijyb (D:5)
  9 orc wizards
  Robin (D:2)
  9 adders
  18 gnolls
  2 shadow imps (D:8)
  4 ufetubi
  A dart slug (D:5)
  2 ribbon worms
  27 orcs
  3 bats
  5 endoplasms
  A giant cockroach (D:2)
  21 goblins
  10 hobgoblins
  2 jackals (D:2)
  4 quokkas
  9 ball pythons
  6 frilled lizards
  12 kobolds
  10 rats
189 creatures vanquished.

Notes
Turn   | Place    | Note
-------+----------+-------------------------------------------
     0 | D:1      | Konrad the Minotaur Fighter began the quest for the Orb.
     0 | D:1      | Reached XP level 1. HP: 19/19 MP: 0/0
   108 | D:1      | Found Wurodwatz's Magic Scroll Boutique.
   171 | D:1      | Found Wuxkubuh's Magic Scroll Shop.
   183 | D:1      | Reached XP level 2. HP: 27/27 MP: 1/1
   520 | D:1      | Found Hiomiv's Jewellery Boutique.
   561 | D:1      | Found Voch's Book Shoppe.
   961 | D:1      | Reached XP level 3. HP: 33/33 MP: 2/2
   969 | D:1      | Found Diovvao's Antique Weapon Boutique.
  1328 | D:1      | Reached XP level 4. HP: 17/41 MP: 3/3
  1860 | D:2      | Found Toshoj's Magic Scroll Emporium.
  1871 | D:2      | Bought a scroll of identify for 22 gold pieces
  1982 | D:2      | Noticed Robin
  1991 | D:2      | Killed Robin
  2352 | D:3      | Noticed diceflayer's ghost (amateur DsGl)
  2363 | D:3      | Reached XP level 5. HP: 47/47 MP: 4/4
  2596 | D:3      | Found a broken altar of Ashenzari.
  2880 | D:3      | Reached skill level 5 in Armour
  2897 | D:3      | Found a runed translucent door.
  3315 | D:4      | Reached skill level 1 in Maces & Flails
  3315 | D:4      | Reached XP level 6. HP: 45/53 MP: 5/5
  3395 | D:4      | Reached skill level 5 in Axes
  3677 | D:4      | Found an opulent altar of Gozag.
  3883 | D:4      | Reached skill level 5 in Shields
  4185 | D:4      | Found a shadowy altar of Dithmenos.
  4185 | D:4      | Found a basalt altar of Yredelemnul.
  4186 | D:4      | Found an ancient bone altar of Kikubaaqudgha.
  4417 | D:5      | Entered Level 5 of the Dungeon
  4436 | D:5      | Reached XP level 7. HP: 58/60 MP: 6/6
  4443 | D:5      | Noticed Ijyb
  4563 | D:5      | Killed Ijyb
  4564 | D:5      | Reached skill level 5 in Fighting
  4784 | D:5      | Found a glowing golden altar of the Shining One.
  5131 | D:5      | Found a white marble altar of Elyvilon.
  5519 | D:6      | Reached skill level 5 in Maces & Flails
  5602 | D:6      | Reached XP level 8. HP: 62/70 MP: 7/7
  5664 | D:6      | Found a staircase to the Ecumenical Temple.
  5699 | Temple   | Entered the Ecumenical Temple
  6989 | D:8      | Noticed Psyche
  7000 | D:8      | Killed Psyche
  7068 | D:8      | Reached XP level 9. HP: 79/79 MP: 8/8
  7856 | D:7      | Reached skill level 1 in Evocations
  7960 | D:7      | Reached skill level 1 in Polearms
  8457 | D:9      | Noticed a fire crab
  8468 | D:8      | Slain by a fire crab (shapeshifter)

Illustrated notes

Levels and vault maps discovered:
D:1:      matt_arrival_los_fun, layout_loops_ring, serial_shops,
          nicolae_shop_tiny_glass, shop, nicolae_shop_stone,
          nicolae_lakefront_shop, nicolae_diamond_shop,
          chequers_serial_rivers_micro_a
D:2:      layout_loops_ring, serial_shops, nicolae_lakefront_shop, uniq_robin
D:3:      layout_loops_cross, nicolae_ashenzari_panopticon,
          hellmonk_ghost_happy_afterlife, serial_park_tiny_2
D:4:      layout_loops_ring, kennysheep_mini_moat,
          nicolae_overflow_hidden_temple, nicolae_nh_ransacked_shop
D:5:      layout_cave_pools, nicolae_elyvilon_temple_path,
          general_overflow_altar, uniq_ijyb
D:6:      layout_basic, minmay_temple_entry_mist
D:7:      layout_cave_pools, minmay_stone_trees_small, kennysheep_another_room
D:8:      layout_cave_pools, uniq_psyche
D:9:      layout_rooms, grunt_qazlal_clouds, nicolae_hepliaklqana_hazy_memory,
          serial_shops, shop, hellmonk_guarded_unrand_gong
Temple:   grunt_temple_mini_profane

Skill      XL: |  1  2  3  4  5  6  7  8  9 |
---------------+----------------------------+-----
Fighting       | 4 5 7 8 |  8.6
Armour         | 4 5 6 7 8 |  8.2
Shields        | 4 5 6 |  6.2
Axes           | 3 4 5 |  5.2
Maces & Flails | 1 3 5 7 8 |  8.9
Evocations     | 1 |  1.2
Polearms       | 1 |  1.4
Throwing       | |  0.4
Dodging        | |  0.9
Stealth        | |  0.1

Action                     |  1- 3 |  4- 6 |  7- 9 || total
---------------------------+-------+-------+-------++-------
  Melee: War axe           |    80 |    52 |       ||   132
         Headbutt          |     6 |    20 |    44 ||    70
         Hand axe          |       |    41 |       ||    41
         Demon whip        |       |    54 |   237 ||   291
         Trident           |       |       |    52 ||    52
  Throw: Throwing net      |       |     1 |       ||     1
  Evoke: Wand              |       |       |     6 ||     6
    Use: Scroll            |       |     8 |     5 ||    13
         Potion            |       |     2 |     4 ||     6
 Armour: Scale mail        |    43 |       |       ||    43
         Plate armour      |    26 |   107 |   299 ||   432
  Dodge: Dodged            |    49 |    29 |    96 ||   174
  Block: Buckler           |    27 |    32 |    72 ||   131
